 Dungeon Crawl Stone Soup version 0.21.1-1-g345015f (webtiles) character file.

380 Monzz the Skirmisher (level 6, 0/56 HPs)
             Began as a Hill Orc Monk on May 9, 2018.
             Was a Believer of Beogh.
             Slain by an orc
             ... wielding a +0 club
              (1 damage)
             ... on level 3 of the Dungeon.
             The game lasted 00:14:50 (2937 turns).

Monzz the Skirmisher (Hill Orc Monk)                Turns: 2937, Time: 00:14:50

Health: 0/56       AC:  4    Str: 14    XL:     6   Next: 75%
Magic:  6/6        EV: 13    Int:  9    God:    Beogh [**....]
Gold:   146        SH:  4    Dex: 14    Spells: 5/5 levels left

rFire    . . .     SeeInvis .   i - +4 whip (venom)
rCold    . . .     Gourm    .   (no shield)
rNeg     . . .     Faith    .   b - +0 robe
rPois    .         Spirit   .   (no helmet)
rElec    .         Reflect  .   (no cloak)
rCorr    .         Harm     .   (no gloves)
MR       .....                  f - +0 pair of boots
Stlth    ++........             (no amulet)
HPRegen  0.18/turn              (no ring)
MPRegen  0.10/turn              (no ring)

@: no status effects
A: large bone plates 1, dopey 1, shaggy fur 1
a: Smiting, Renounce Religion


You were on level 3 of the Dungeon.
You worshipped Beogh.
Beogh was pleased with you.
You were not hungry.

You visited 1 branch of the dungeon, and saw 3 of its levels.

You collected 146 gold pieces.

Inventory:

Hand Weapons
 a - a +0 hand axe
 e - a +0 dagger
 g - a +0 blowgun
 i - a +4 whip of venom (weapon)
Missiles
 l - 12 poisoned needles
Armour
 b - a +0 robe (worn)
 f - a +0 pair of boots (worn)
Wands
 d - a wand of random effects (5)
Scrolls
 m - 2 scrolls of teleportation
 n - 4 scrolls of identify
Potions
 h - a potion of curing
 j - a potion of magic {unknown}
 k - a potion of haste
 o - a potion of lignification
Comestibles
 c - 9 rations


   Skills:
 + Level 5.0 Fighting
 - Level 4.7(5.7) Axes
 * Level 4.1(4.9) Maces & Flails
 + Level 3.5 Dodging
 + Level 2.6 Stealth


You had 5 spell levels left.
You didn't know any spells.

Dungeon Overview and Level Annotations

Branches:
Dungeon (3/15)

Altars:
Sif Muna


Innate Abilities, Weirdness & Mutations

You are partially covered in large bone plates. (SH +4)
You are dopey. (Int -2)
You are covered in fur. (AC +1)


Message History

You hit the orc.
The orc is poisoned.
The orc is heavily wounded.
The orc misses you.
The orc priest looks satisfied for a moment.
You whack the orc!
You kill the orc!
Beogh accepts your kill.
You hit the orc.
The orc is poisoned.
The orc is lightly wounded.
The orc closely misses you.
The orc priest grunts, "Turn back to the hills, deceiver!"
You whack the orc!
You kill the orc!
Beogh accepts your kill.
You hit the orc priest.
The orc priest is poisoned.
The orc priest is heavily wounded.
The orc priest hits you but does no damage.
The orc hits you with a club.
You die...
Beogh appreciates the orc's killing of a heretic priest.

#..##.#.#
###..##.#.#
..........#
#.###...### ##
##..# .. #..# #.
##..# #.###..o##
# #...#.o@#
..#######.#g#.#
..<.........#.#
.........o###.##
...............#
..####†#.##.###.#
#....# .# #..#.#
# ....#$.


You could see 2 orc priests, an orc and a goblin.

Vanquished Creatures
  Sigmund (D:2)
  A crimson imp (D:2)
  4 adders
  7 gnolls (D:3)
  An ooze (D:2)
  A worm (D:2)
  A dart slug (D:1)
  A leopard gecko (D:2)
  4 orcs (D:3)
  A giant cockroach (D:2)
  3 goblins (D:2)
  7 hobgoblins
  11 jackals
  5 kobolds
  A quokka (D:2)
  8 bats
  A frilled lizard (D:2)
  27 rats
85 creatures vanquished.

Vanquished Creatures (others)
  An orc priest (D:3)
1 creature vanquished.

Grand Total: 86 creatures vanquished

Notes
Turn   | Place    | Note
-------+----------+-------------------------------------------
     0 | D:1      | Monzz the Hill Orc Monk began the quest for the Orb.
     0 | D:1      | Reached XP level 1. HP: 19/19 MP: 1/1
   137 | D:1      | Reached XP level 2. HP: 12/27 MP: 2/2
   147 | D:1      | Reached skill level 4 in Fighting
   888 | D:1      | Reached XP level 3. HP: 29/33 MP: 3/3
   954 | D:2      | Gained mutation: Armour fits poorly on your strangely shaped body. [potion of mutation]
   954 | D:2      | Gained mutation: Your body sometimes deteriorates upon taking damage. [potion of mutation]
   954 | D:2      | Gained mutation: Your spells are a little harder to cast, but a little more powerful. [potion of mutation]
   954 | D:2      | Gained mutation: You are covered in fur. (AC +1) [potion of mutation]
  1137 | D:2      | Lost mutation: Armour fits poorly on your strangely shaped body. [potion of mutation]
  1137 | D:2      | Lost mutation: Your spells are a little harder to cast, but a little more powerful. [potion of mutation]
  1137 | D:2      | Lost mutation: Your body sometimes deteriorates upon taking damage. [potion of mutation]
  1137 | D:2      | Gained mutation: You are clumsy. (Dex -2) [potion of mutation]
  1137 | D:2      | Gained mutation: Your spells are a little harder to cast, but a little more powerful. [potion of mutation]
  1137 | D:2      | Gained mutation: You are weak. (Str -2) [potion of mutation]
  1137 | D:2      | Gained mutation: You are partially covered in rugged brown scales. (AC +1, +3% HP) [potion of mutation]
  1358 | D:2      | Lost mutation: You are clumsy. (Dex -2) [potion of mutation]
  1358 | D:2      | Lost mutation: You are weak. (Str -2) [potion of mutation]
  1358 | D:2      | Lost mutation: Your spells are a little harder to cast, but a little more powerful. [potion of mutation]
  1358 | D:2      | Lost mutation: You are partially covered in rugged brown scales. (AC +1, +3% HP) [potion of mutation]
  1358 | D:2      | Gained mutation: You are dopey. (Int -2) [potion of mutation]
  1358 | D:2      | Gained mutation: You are partially covered in large bone plates. (SH +4) [potion of mutation]
  1392 | D:2      | Reached XP level 4. HP: 5/41 MP: 4/4
  1772 | D:2      | Reached skill level 1 in Maces & Flails
  1922 | D:2      | Noticed Sigmund
  1943 | D:2      | Killed Sigmund
  1943 | D:2      | Reached XP level 5. HP: 15/47 MP: 5/5
  1943 | D:2      | Reached XP level 6. HP: 18/55 MP: 6/6
  2054 | D:2      | Reached skill level 5 in Fighting
  2276 | D:2      | Found a deep blue altar of Sif Muna.
  2704 | D:3      | Became a worshipper of Beogh the Brigand
  2704 | D:3      | Reached * piety under Beogh
  2704 | D:3      | Reached ** piety under Beogh
  2931 | D:3      | HP: 1/56 [orc priest/divine providence (13)]
  2937 | D:3      | Slain by an orc

Skill      XL: |  1  2  3  4  5  6 |
---------------+-------------------+-----
Fighting       | 4 5 |  5.0
Dodging        | 3 |  3.5
Stealth        | 2 |  2.6
Maces & Flails | 3 4 |  4.1
Axes           | |  4.7

Action                   |  1- 3 |  4- 6 || total
-------------------------+-------+-------++-------
Melee: Hand axe          |   131 |       ||   131
       Whip              |    12 |   147 ||   159
Invok: Convert to Beogh  |       |     1 ||     1
  Use: Potion            |     8 |       ||     8
       Scroll            |     2 |     5 ||     7
 Stab: Sleeping          |     4 |     4 ||     8
  Eat: Chunk             |     2 |     5 ||     7
Armor: Robe              |    46 |    32 ||    78
Dodge: Dodged            |    91 |    68 ||   159
Block: Other             |       |    17 ||    17
